 Dungeon Crawl Stone Soup version 0.32-a0-350-g4f4d228785 (webtiles) character file.

Game seed: 9563198042044339151

7515 CougarLife the Geomancer (level 11, -13/60 HPs)
             Began as a Gargoyle Earth Elementalist on Feb 18, 2024.
             Was an Elder of Vehumet.
             Mangled by a tengu warrior
             ... wielding a +3 long sword of distortion
              (18 damage)
             ... on level 11 of the Dungeon.
             The game lasted 00:16:40 (11943 turns).

CougarLife the Geomancer (GrEE)                    Turns: 11943, Time: 00:16:40

Health: -13/60     AC: 17    Str: 13    XL:     11   Next: 16%
Magic:  2/24       EV: 11    Int: 19    God:    Vehumet [****..]
Gold:   621        SH:  0    Dex: 10    Spells: 24/28 levels left

rFire   . . .        (no weapon)
rCold   . . .        (no shield)
rNeg    + . .        L - +0 acid dragon scales
rPois   ∞            (no helmet)
rElec   +            t - +0 cloak
rCorr   +            j - +0 pair of gloves
SInv    .            y - +0 pair of boots
Will    .....        M - amulet of magic regeneration
Stlth   +            (no ring)
HPRegen 0.30/turn    (no ring)
MPRegen 0.59/turn

%: no passive effects
@: no status effects
A: sickness immunity, AC +8, negative energy resistance 1, electricity
resistance, torment resistance 1, petrification resistance
a: Renounce Religion


You were on level 11 of the Dungeon.
You worshipped Vehumet.
Vehumet was greatly pleased with you.
You visited 1 branch of the dungeon, and saw 11 of its levels.
You also visited: Ossuary.

You collected 621 gold pieces.

Inventory:

Hand Weapons
 x - a +1 dagger of speed
Missiles
 N - a throwing net
Armour
 a - a +0 robe
 j - a +0 pair of gloves (worn)
 t - a +0 cloak (worn)
 y - a +0 pair of boots (worn)
 L - +0 acid dragon scales (worn)
Jewellery
 B - an amulet of reflection
 M - an amulet of magic regeneration (around neck)
Wands
 m - a wand of quicksilver (11)
 n - a wand of polymorph (5)
 w - a wand of flame (19)
 I - a wand of roots (8)
 J - a wand of paralysis (16)
Scrolls
 b - 2 scrolls of immolation {unknown}
 e - 2 scrolls of amnesia {unknown}
 f - 3 scrolls of noise {unknown}
 g - 5 scrolls of revelation {unknown}
 h - 12 scrolls of identify {unknown}
 l - 2 scrolls of enchant armour {unknown}
 o - a scroll of enchant weapon {unknown}
 p - 2 scrolls of butterflies {unknown}
 s - a scroll of torment {unknown}
 v - 6 scrolls of fog {unknown}
 A - a scroll of silence {unknown}
 C - 3 scrolls of teleportation {unknown}
 H - a scroll of brand weapon {unknown}
 K - a scroll of vulnerability {unknown}
Potions
 c - 4 potions of might {unknown}
 d - 2 potions of ambrosia {unknown}
 i - 8 potions of attraction {unknown}
 k - a potion of invisibility {unknown}
 q - 7 potions of mutation {unknown}
 r - 3 potions of curing {unknown}
 u - 4 potions of degeneration {unknown}
 z - 3 potions of heal wounds {unknown}
 D - a potion of resistance {unknown}
 E - 2 potions of brilliance {unknown}
 F - 2 potions of enlightenment {unknown}
 G - 2 potions of lignification {unknown}


   Skills:
 + Level 3.1 Fighting
 - Level 1.5 Dodging
 - Level 2.1 Stealth
 + Level 9.1 Spellcasting
 + Level 10.5 Conjurations
 + Level 12.0 Earth Magic


You had 24 spell levels left.
You knew the following spells:

 Your Spells              Type           Power      Damage    Failure   Level
a - Sandblast             Erth           100%       2d20      1%          1
b - Stone Arrow           Conj/Erth      100%       3d13      1%          3

Your spell library contained the following spells:

 Spells                   Type           Power      Damage    Failure   Level
 Irradiate                Conj/Alch      14%        3d16      11%         5
 Passwall                 Erth           53%        N/A       1%          3
 Brom's Barrelling Bould  Conj/Erth      51%        2d7       1%          4
 Petrify                  Alch/Erth      31%        N/A       10%         4
 Necrotise                Necr           32%        1d5       12%         1
 Lesser Beckoning         Tloc           16%        N/A       19%         2
 Gell's Gravitas          Tloc           8%         N/A       34%         3
 Teleport Other           Tloc           8%         N/A       34%         3
 Vampiric Draining        Necr           8%         2d6       34%         3
 Anguish                  Hex/Necr       4%         N/A       75%         4
 Cause Fear               Hex            4%         N/A       75%         4
 Martyr's Knell           Necr/Summ      8%         N/A       75%         4
 Curse of Agony           Necr           8%         N/A       97%         5
 Enfeeble                 Hex            4%         N/A       100%        7


Dungeon Overview and Level Annotations

Branches:
Dungeon (11/15)            Temple (0/1) D:7            Lair (0/5) D:11
    Orc (0/2) D:10        Ossuary (visited)

Altars:
Ashenzari
Cheibriados
Dithmenos
Fedhas
Kikubaaqudgha
Makhleb
Okawaru
Qazlal
Ru
Sif Muna
Trog
Vehumet
Xom
Yredelemnul
Zin
The Shining One

Annotations:
D:9 2 exclusions, Amaemon


Innate Abilities, Weirdness & Mutations

You are immune to sickness and miasma.
Your stone body is resilient. (AC +8)
You are immune to poison.
You resist negative energy. (rN+)
You are resistant to electric shocks. (rElec)
You are resistant to unholy torment.
You are immune to petrification.


Message History

Casting: Stone Arrow (safe; 1% risk of failure)
Confirm with . or Enter, or press ? or * to list all spells.
You don't have enough magic to cast this spell.
Unknown command.
Casting: Stone Arrow (safe; 1% risk of failure)
Confirm with . or Enter, or press ? or * to list all spells.
Aiming: Sandblast (safe; 1% risk of failure)
Press: ? - help, Shift-Dir - straight line, f/p - tengu warrior
Aim: a tengu warrior, wielding a +3 long sword of distortion, wearing a +0 leather armour and wearing a +0 kite shield (severely wounded, 74% to hit)
The blast of sand hits the tengu warrior.
The tengu warrior is almost dead.
The tengu conjurer casts a spell at you.
The bolt of lightning misses you.
The battlesphere fires!
The barrage of energy hits you.
* * * LOW HITPOINT WARNING * * *
Casting: Sandblast (safe; 1% risk of failure)
Confirm with . or Enter, or press ? or * to list all spells.
Aiming: Sandblast (safe; 1% risk of failure)
Press: ? - help, Shift-Dir - straight line, f/p - tengu warrior
Aim: a tengu warrior, wielding a +3 long sword of distortion, wearing a +0 leather armour and wearing a +0 kite shield (almost dead, 74% to hit)
The tengu warrior blocks the blast of sand.
The tengu warrior slips past you!
The tengu warrior hits you with a +3 long sword of distortion.
* * * LOW HITPOINT WARNING * * *
The tengu warrior pecks you but does no damage.
The tengu warrior claws you but does no damage.
Casting: Sandblast (safe; 1% risk of failure)
Confirm with . or Enter, or press ? or * to list all spells.
Aiming: Sandblast (safe; 1% risk of failure)
Press: ? - help, Shift-Dir - straight line, f/p - tengu warrior
Aim: a tengu warrior, wielding a +3 long sword of distortion, wearing a +0 leather armour and wearing a +0 kite shield (almost dead, 74% to hit)
The tengu warrior blocks the blast of sand.
The tengu conjurer hits you but does no damage.
The tengu conjurer pecks you but does no damage.
The tengu conjurer claws you but does no damage.
A troll comes into view.
The tengu warrior hits you with a +3 long sword of distortion!
* * * LOW HITPOINT WARNING * * *
Space warps horribly around you!!
You die...
PP

h. #...T..# ...# ..
#......#....# ..
#......#....# ..
#......#....# ...
#....*.#....# .P.
#...........# ...
#.Q.........#
..##..........#.@Q..?.....#
.###..........#...........#
.............#...........#
.............#........(..#
#............#...........#
#............#...........#
#............#...........#
#......<.....#...........#
#............#.........(.#


You could see a tengu warrior, a troll, a tengu conjurer and a battlesphere.

Vanquished Creatures
  Pikel (D:5)
  Maurice (D:10)
  A manticore (D:10)
  Sigmund (D:5)
  3 wraiths
  A shadow (D:10)
  A vampire (D:11)
  4 yaks (D:9)
  2 wyverns
  A steam dragon (D:8)
  An acid dragon (D:11)
  A water moccasin (D:7)
  3 orc warriors
  A sky beast (D:7)
  A lemure (D:5)
  4 phantoms
  3 centaurs
  3 kobold brigands
  5 bullfrogs
  2 gnoll sergeants (D:9)
  6 scorpions
  10 wights
  A howler monkey (D:5)
  A bombardier beetle (D:3)
  5 centaur zombies (Ossuary)
  A jelly (D:5)
  8 orc priests
  A gnoll bouda (D:10)
  Terence (D:3)
  4 iguanas
  10 orc wizards
  A sleepcap (D:6)
  3 scorpion zombies (Ossuary)
  8 ogre zombies (D:10)
  3 mummies (Ossuary)
  12 gnolls
  7 adders
  A shadow imp (D:7)
  A white imp (D:8)
  6 ufetubi
  6 dart slugs
  2 ribbon worms (D:3)
  42 orcs
  11 endoplasms
  6 giant cockroaches
  7 gnoll zombies (D:10)
  6 goblins
  9 hobgoblins
  5 jackals (D:1)
  24 kobolds
  3 quokkas
  6 ball pythons
  3 ball python zombies (Ossuary)
  6 bats
  8 frilled lizards
  A gnoll skeleton (D:10)
  5 jackal zombies (Ossuary)
  2 orc skeletons (D:10)
  18 orc zombies
  4 rats
304 creatures vanquished.

Vanquished Creatures (others)
  A human (D:5)
1 creature vanquished.

Grand Total: 305 creatures vanquished

Notes
Turn   | Place    | Note
-------+----------+-------------------------------------------
     0 | D:1      | CougarLife the Gargoyle Earth Elementalist began the quest
                  | for the Orb.
     0 | D:1      | Reached XP level 1. HP: 10/10 MP: 3/3
    99 | D:1      | Reached XP level 2. HP: 14/15 MP: 0/5
   250 | D:1      | Reached skill level 4 in Earth Magic
   399 | D:1      | Reached XP level 3. HP: 19/19 MP: 4/6
   849 | D:1      | Learned a level 3 spell: Stone Arrow
  1303 | D:1      | Reached XP level 4. HP: 24/24 MP: 6/8
  1742 | D:2      | Found a broken altar of Ashenzari.
  2112 | D:2      | Reached XP level 5. HP: 28/28 MP: 7/9
  2548 | D:3      | Reached skill level 5 in Earth Magic
  2711 | D:3      | Found a snail-covered altar of Cheibriados.
  3068 | D:3      | Reached XP level 6. HP: 32/32 MP: 9/11
  3107 | D:3      | Noticed Terence
  3111 | D:3      | Killed Terence
  3614 | D:4      | Found a blossoming altar of Fedhas.
  3627 | D:4      | Found a stormy altar of Qazlal.
  3706 | D:4      | Found a shadowy altar of Dithmenos.
  3983 | D:4      | Identified the +0 pair of boots of Qowe {^Drain rF+ Int+4
                  | SInv}
  4128 | D:4      | Reached skill level 6 in Earth Magic
  4195 | D:4      | Found a shimmering altar of Xom.
  4529 | D:5      | Entered Level 5 of the Dungeon
  4539 | D:5      | Reached XP level 7. HP: 36/36 MP: 10/13
  4714 | D:5      | Noticed Pikel
  4734 | D:5      | Killed Pikel
  4735 | D:5      | Reached skill level 5 in Spellcasting
  4735 | D:5      | Reached skill level 5 in Conjurations
  4735 | D:5      | Reached skill level 7 in Earth Magic
  4735 | D:5      | Reached XP level 8. HP: 4/41 MP: 4/15
  5107 | D:5      | Noticed Sigmund
  5110 | D:5      | Killed Sigmund
  5339 | D:5      | Found an ancient bone altar of Kikubaaqudgha.
  5493 | D:5      | Reached skill level 8 in Earth Magic
  5564 | D:6      | Found an iron altar of Okawaru.
  5681 | D:6      | Found a sacrificial altar of Ru.
  5688 | D:6      | Found a shimmering blue altar of Sif Muna.
  5691 | D:6      | Found a basalt altar of Yredelemnul.
  5753 | D:6      | Found a faded altar of an unknown god.
  5753 | D:6      | Found a radiant altar of Vehumet.
  5767 | D:6      | Found a faded altar of an unknown god.
  5787 | D:6      | Became a worshipper of Vehumet
  5791 | D:6      | Found a bloodstained altar of Trog.
  5793 | D:6      | Found a burning altar of Makhleb.
  5908 | D:6      | Reached XP level 9. HP: 45/45 MP: 14/18
  6665 | D:7      | Found a sand-covered staircase.
  6671 | Ossuary  | Entered an ossuary
  6737 | Ossuary  | Reached * piety under Vehumet
  6737 | Ossuary  | Offered knowledge of Freeze by Vehumet.
  6738 | Ossuary  | Reached skill level 9 in Earth Magic
  7583 | D:7      | Offered knowledge of Foxfire by Vehumet.
  7584 | D:7      | Reached ** piety under Vehumet
  7659 | D:7      | Reached skill level 10 in Earth Magic
  7727 | D:7      | Found a staircase to the Ecumenical Temple.
  8230 | D:8      | Reached XP level 10. HP: 41/50 MP: 14/21
  8762 | D:8      | Found a glowing silver altar of Zin.
  8967 | D:8      | Found a glowing golden altar of the Shining One.
  9156 | D:9      | Offered knowledge of Mephitic Cloud by Vehumet.
  9163 | D:9      | Reached skill level 11 in Earth Magic
  9472 | D:9      | Noticed Amaemon
  9472 | D:9      | Noticed an orange demon
  9609 | D:9      | Reached *** piety under Vehumet
 10052 | D:10     | Entered Level 10 of the Dungeon
 10101 | D:10     | Reached skill level 10 in Conjurations
 10228 | D:10     | Offered knowledge of Dazzling Flash by Vehumet.
 10292 | D:10     | Found a staircase to the Orcish Mines.
 10427 | D:10     | Reached skill level 1 in Fighting
 10561 | D:10     | Reached **** piety under Vehumet
 10766 | D:10     | Offered knowledge of Irradiate by Vehumet.
 10981 | D:10     | Noticed a manticore
 10987 | D:10     | Killed a manticore
 10988 | D:10     | Reached XP level 11. HP: 57/57 MP: 12/23
 11196 | D:10     | Noticed Maurice
 11203 | D:10     | Paralysed by something for 3 turns
 11207 | D:10     | Something stole an amulet of magic regeneration
 11209 | D:10     | Something stole a +1 dagger of speed
 11211 | D:10     | Something stole a throwing net
 11218 | D:10     | Paralysed by something for 3 turns
 11236 | D:10     | Paralysed by Maurice for 2 turns
 11240 | D:10     | Killed Maurice
 11558 | D:11     | Found a staircase to the Lair.
 11728 | D:11     | Reached skill level 12 in Earth Magic
 11928 | D:11     | Noticed a tengu warrior
 11943 | D:11     | Mangled by a tengu warrior

Illustrated notes

Levels and vault maps discovered:
D:1:      dpeg_arrival_solitude, layout_loops_ring, grunt_decor_cap,
          nicolae_concentric_dashed_squares_wild, lexackson_kobold_supper
D:2:      layout_loops_ring, basic_altar
D:3:      layout_loops_ring, slow_altar_2, hangedman_decor_diamond_cutter,
          uniq_terence
D:4:      layout_basic, grunt_temple_overflow_forces_of_nature,
          overflow_temple_1_default, mainiacjoe_overflow_paths,
          serial_library_hellmonk_small_alcove
D:5:      layout_basic, tgw_kikubaaqudgha, dreamdust_princess_bridge,
          kennysheep_small_circle, uniq_sigmund, uniq_pikel
D:6:      layout_loops_cross, okawaru_trees_2, minitemple,
          chequers_temple_overflow_minitemple, sigmund_army
D:7:      layout_loops_ring, minmay_temple_entry_stoned_glass,
          nicolae_ossuary_entry_plus
D:8:      layout_loops_cross, kennysheep_mini_moat,
          nicolae_tso_swordbearing_angel, minmay_misc_feat_five
D:9:      layout_roguey, uniq_amaemon
D:10:     layout_small_grid, zombieorc2_lemuel, uniq_maurice
D:11:     layout_grid_maze, david_lair_generic

Skill      XL: |  1  2  3  4  5  6  7  8  9 10 11 |
---------------+----------------------------------+-----
Earth Magic    | 4 5 6 7 8 10 11 12 | 12.0
Conjurations   | 2 3 4 5 7 8 10 | 10.5
Spellcasting   | 3 4 5 6 7 8 9 |  9.1
Fighting       | 2 3 |  3.1
Dodging        | |  1.5
Stealth        | |  2.1

Action                     |  1- 3 |  4- 6 |  7- 9 | 10-12 || total
---------------------------+-------+-------+-------+-------++-------
  Melee: Unarmed           |     4 |       |       |     6 ||    10
         Dagger            |    28 |     2 |     3 |       ||    33
   Cast: Sandblast         |    45 |   124 |   163 |   156 ||   488
         Stone Arrow       |       |       |    18 |    57 ||    75
  Evoke: Wand              |       |       |       |     1 ||     1
    Use: Potion            |       |       |     2 |       ||     2
 Armour: Robe              |    38 |    48 |    88 |    81 ||   255
         Acid dragon scale |       |       |       |    21 ||    21
  Dodge: Dodged            |    36 |    35 |    59 |    50 ||   180
  Block: Other             |       |       |     3 |    23 ||    26
         Reflection        |       |       |     1 |     4 ||     5

Table legend: (Time is in decaauts)
 A = Elapsed time spent in this place.
 B = Non-inter-level travel time spent in this place.
 C = Inter-level travel time spent in this place.
 D = Time resting spent in this place.
 E = Time spent auto-exploring this place.
 F = Levels seen in this place.
 G = Mean time per level.
                   A        B        C        D        E       F      G
               +--------+--------+--------+--------+--------+-----+--------+
         Total |  12200 |  11930 |    270 |   2161 |   7677 |  12 | 1016.7 |
       Dungeon |  11687 |  11417 |    270 |   2115 |   7398 |  11 | 1062.5 |
       Ossuary |    513 |    513 |      0 |     46 |    279 |   1 |  513.0 |
               +--------+--------+--------+--------+--------+-----+--------+

Top non-repeatable levels by time:
     D:1: 1608 daAuts
    D:10: 1494 daAuts
     D:8: 1088 daAuts
     D:3: 1078 daAuts
     D:6: 1072 daAuts
     D:7: 1054 daAuts
     D:5: 1035 daAuts
     D:4: 999 daAuts
     D:2: 924 daAuts
     D:9: 893 daAuts
 Ossuary: 513 daAuts
    D:11: 437 daAuts
